 Dungeon Crawl Stone Soup version 0.26-a0-651-gb41185065b (webtiles) character file.

Game seed: 18000576377164318694

690 Flugslaktarn the Chopper (level 7, 0/67 HPs)
             Began as a Deep Dwarf Fighter on Oct 8, 2020.
             Slain by an orc warrior
             ... wielding a +0 glaive
              (19 damage)
             ... on level 6 of the Dungeon.
             The game lasted 00:01:44 (2331 turns).

Flugslaktarn the Chopper (Deep Dwarf Fighter)       Turns: 2331, Time: 00:01:45

Health: 0/67       AC: 12    Str: 21    XL:     7   Next: 36%
Magic:  4/4        EV:  7    Int:  9    God:
Gold:   242        SH: 10    Dex: 12    Spells: 6/6 levels left

rFire    . . .     SeeInvis .   a - +0 war axe
rCold    . . .     Faith    .   c - +0 kite shield
rNeg     . . .     Spirit   .   b - +0 scale mail
rPois    .         Reflect  .   x - +0 helmet
rElec    .         Harm     .   v - +0 cloak
rCorr    .         Rampage  .   (no gloves)
MR       +....                  n - +2 pair of boots
Stlth    ..........             (no amulet)
HPRegen  0.00/turn              (no ring)
MPRegen  0.09/turn              (no ring)

@: non-regenerating
A: damage resistance, heal wounds, sense surroundings 1, no regeneration
a: Heal Wounds


You were on level 6 of the Dungeon.
You visited 2 branches of the dungeon, and saw 7 of its levels.

You collected 242 gold pieces.

Inventory:

Hand Weapons
 a - a +0 war axe (weapon)
Armour
 b - a +0 scale mail (worn)
 c - a +0 kite shield (worn)
 n - a +2 pair of boots (worn)
   (You found it on level 4 of the Dungeon)
 v - a +0 cloak (worn)
   (You found it on level 5 of the Dungeon)
 x - a +0 helmet (worn)
   (You found it on level 5 of the Dungeon)
Jewellery
 m - an uncursed ring of flight {unknown}
   (You found it on level 3 of the Dungeon)
 t - a +4 ring of evasion {unknown}
   (You found it on level 5 of the Dungeon)
 y - an uncursed amulet of the acrobat {unknown}
   (You found it on level 5 of the Dungeon)
 z - a +4 ring of evasion {unknown}
   (You found it on level 5 of the Dungeon)
Wands
 g - a wand of digging (4)
   (You found it on level 5 of the Dungeon)
 o - a wand of iceblast (10)
   (You found it on level 4 of the Dungeon)
 r - a wand of acid (8)
   (You found it on level 4 of the Dungeon)
Scrolls
 f - a scroll of immolation {unknown}
 i - a scroll of magic mapping {unknown}
 l - a scroll of blinking {unknown}
 p - 2 scrolls of noise {unknown}
 u - a scroll of fear {unknown}
 w - 9 scrolls of identify {unknown}
 A - a scroll of remove curse {unknown}
Potions
 d - 2 potions of might
 e - a potion of heal wounds {unknown}
 h - a potion of mutation {unknown}
 j - a potion of degeneration {unknown}
 k - 4 potions of curing {unknown}
 q - a potion of resistance {unknown}
 s - 2 potions of berserk rage {unknown}


   Skills:
 * Level 5.0 Fighting
 * Level 5.5 Axes
 + Level 4.8 Armour
 + Level 4.9 Shields


You had 6 spell levels left.
You didn't know any spells.
Your spell library was empty.

Dungeon Overview and Level Annotations

Branches:
Dungeon (6/15)             Temple (1/1) D:4

Altars:
Dithmenos
Elyvilon
Fedhas
Hepliaklqana
Nemelex Xobeh
Okawaru
Ru
Sif Muna
Trog
Uskayaw
Wu Jian
Xom
Yredelemnul
Zin
The Shining One

Shops:
D:4 !


Innate Abilities, Weirdness & Mutations

You are resistant to damage.
You can heal yourself by infusing magical energy.
You passively map a small area around you.
You do not regenerate.


Message History

You are too injured to fight recklessly!
You are too injured to fight recklessly!
You are too injured to fight recklessly!
You are too injured to fight recklessly!
You are too injured to fight recklessly!
You are too injured to fight recklessly!
You are too injured to fight recklessly!
You are too injured to fight recklessly!
You feel much better.
The orc warrior hits you with a +0 glaive.
You barely miss the orc warrior. The orc warrior barely misses you.
You barely miss the orc warrior. You block the orc warrior's attack.
You closely miss the orc warrior. You block the orc warrior's attack.
You barely miss the orc warrior.
The orc warrior hits you with a +0 glaive!
* * * LOW HITPOINT WARNING * * *
You are too injured to fight recklessly!
You closely miss the orc warrior.
The orc warrior hits you with a +0 glaive!!
You die...

,## * ###### .. ,.....
#....###... *
#..###.##.#....
##......##...# #..*
#..#..#* , #.#*##.....##
* # ###.###..###..###..
##))).....# #.....#.
*#.o@..##..# ##.##...
#......###...#####..###.
#.####. *.### #........
#. ##.# #....>... *
..*#..# #........ * .#
#.#############.
...##.....######.... ,
.>...<...........##. * ,
..........#######.


You could see an orc warrior.

Vanquished Creatures
  2 ogres (D:5)
  2 scorpions (D:4)
  A howler monkey (D:5)
  2 hounds (D:5)
  3 orc priests
  An orc wizard (D:6)
  A worker ant (D:4)
  A hound skeleton (D:5)
  3 gnolls (D:5)
  7 adders
  A shadow imp (D:5)
  A worm (D:2)
  A dart slug (D:1)
  3 leopard geckos
  12 orcs
  A ball python (D:5)
  A bat (D:3)
  6 giant cockroaches
  6 goblins
  2 hobgoblins (D:1)
  3 jackals (D:4)
  A quokka (D:5)
  6 frilled lizards
  A jackal zombie (D:5)
  3 kobolds
  A leopard gecko skeleton (D:4)
  6 rats
78 creatures vanquished.

Notes
Turn   | Place    | Note
-------+----------+-------------------------------------------
     0 | D:1      | Flugslaktarn the Deep Dwarf Fighter began the quest for the
                  | Orb.
     0 | D:1      | Reached XP level 1. HP: 20/20 MP: 1/1
   196 | D:1      | Reached XP level 2. HP: 13/27 MP: 2/2
   425 | D:2      | You fall into a shaft and drop 1 floor!
   469 | D:2      | Reached XP level 3. HP: 31/34 MP: 2/2
   866 | D:4      | Noticed a scorpion
   874 | D:4      | Killed a scorpion
   874 | D:4      | Reached XP level 4. HP: 24/42 MP: 3/3
  1001 | D:4      | Reached XP level 5. HP: 44/50 MP: 3/3
  1021 | D:4      | Found Umoziz's Distillery.
  1021 | D:4      | Found a staircase to the Ecumenical Temple.
  1071 | Temple   | Entered the Ecumenical Temple
  1503 | D:5      | Entered Level 5 of the Dungeon
  1630 | D:5      | Reached XP level 6. HP: 31/57 MP: 4/4
  1772 | D:5      | Reached skill level 5 in Axes
  1786 | D:5      | Reached XP level 7. HP: 37/66 MP: 5/5
  2321 | D:6      | Reached skill level 5 in Fighting
  2331 | D:6      | Slain by an orc warrior

Illustrated notes

Levels and vault maps discovered:
D:1:      lightli_iron_boxes, layout_loops_cross
D:2:      layout_rooms, minmay_door_square
D:3:      layout_loops_cross, minmay_quantized, uniq_crazy_yiuf_cottage
D:4:      layout_basic, minmay_temple_entry_overgrown, serial_shops,
          nicolae_shop_temple_entry_statues_fountains
D:5:      layout_loops_ring
D:6:      layout_rooms, grunt_temple_overflow_lords_of_destruction,
          old_standard_altar, uniq_prince_ribbit1
Temple:   regret_index_temple_generic_petals

Skill      XL: |  1  2  3  4  5  6  7 |
---------------+----------------------+-----
Fighting       | 3 4 5 |  5.0
Axes           | 3 4 5 |  5.5
Shields        | 4 |  4.9
Armour         | 4 |  4.8

Action                   |  1- 3 |  4- 6 |  7- 9 || total
-------------------------+-------+-------+-------++-------
Melee: War axe           |    95 |   126 |    40 ||   261
 Abil: Heal Wounds       |     1 |     5 |     3 ||     9
Armor: Scale mail        |    44 |    40 |    21 ||   105
Dodge: Dodged            |    28 |    38 |    10 ||    76
Block: Kite shield       |    55 |    58 |    22 ||   135

Table legend: (Time is in decaauts)
 A = Elapsed time spent in this place.
 B = Non-inter-level travel time spent in this place.
 C = Inter-level travel time spent in this place.
 D = Time resting spent in this place.
 E = Time spent auto-exploring this place.
 F = Levels seen in this place.
 G = Mean time per level.
                   A        B        C        D        E       F      G
               +--------+--------+--------+--------+--------+-----+--------+
         Total |   2433 |   2318 |    115 |      0 |   1663 |   7 |  347.6 |
       Dungeon |   2177 |   2084 |     93 |      0 |   1430 |   6 |  362.8 |
        Temple |    255 |    234 |     21 |      0 |    233 |   1 |  255.0 |
               +--------+--------+--------+--------+--------+-----+--------+

Top non-repeatable levels by time:
     D:5: 789 daAuts
     D:4: 549 daAuts
     D:1: 365 daAuts
  Temple: 255 daAuts
     D:2: 243 daAuts
     D:3: 150 daAuts
     D:6: 79 daAuts
